Map: Moonlight Madness LE (Void)

Players

Gerwinn - Winner!

  • Race: Protoss Protoss
  • League: Silver

SticklerMac

  • Race: Zerg Zerg
  • League: Silver

VOD

Have the link to the VOD?

Description

Time

  • Played on: Sept. 26, 2015, 8:26 p.m.
  • Length: 9:24
Show
View Real Time Build Order
Export as new Build Order

Gerwinn Protoss - Winner!

Build Orders: Oracle Opening 

Get SALT Encoding   

  12  0:00  Probe (Chrono Boost)  
  13  0:10  Probe (Chrono Boost)  
  14  0:20  Probe (Chrono Boost)  
  15  0:23  Pylon  
  15  0:41  Probe (Chrono Boost)  
  16  0:43  Gateway  
  16  0:51  Probe (Chrono Boost)  
  16  0:56  Assimilator  
  17  0:59  Assimilator  
  17  1:00  Probe (Chrono Boost)  
  18  1:10  Probe (Chrono Boost)  
  19  1:20  Probe (Chrono Boost)  
  20  1:33  Cybernetics Core  
  20  1:34  Probe (Chrono Boost), Pylon  
  21  1:44  Probe (Chrono Boost)  
  22  1:55  Probe (Chrono Boost)  
  23  2:03  Nexus  
  23  2:13  Stargate  
  23  2:16  Probe (Chrono Boost)  
  24  2:29  Warp Gate (Chrono Boost)  
  24  2:30  Probe (Chrono Boost)  
  27  2:39  Stalker  
  27  2:43  Probe  
  28  2:55  Oracle (Chrono Boost)  
  31  3:01  Gateway  
  31  3:03  Pylon  
  30  3:31  Oracle (Chrono Boost)  
  30  3:32  Gateway  
  30  3:33  Gateway  
  33  3:35  Pylon  
  33  3:38  Probe  
  34  3:45  Zealot  
  35  4:08  Probe  
  35  4:09  Probe  
  36  4:12  Void Ray  
  41  4:17  Probe  
  41  4:19  Pylon  
  41  4:22  Probe  
  43  4:27  Probe  
  44  4:56  Probe  
  44  4:58  Probe  
  46  5:06  Probe  
  46  5:10  Probe  
  46  5:13  Void Ray  
  52  5:16  Probe  
  52  5:18  Robotics Facility  
  52  5:20  Pylon  
  52  5:21  Assimilator  
  53  5:23  Probe, Zealot x2  
  53  5:24  Pylon, Zealot  
  60  5:32  Probe  
  60  5:35  Probe  
  62  5:45  Pylon  
  62  5:51  Probe  
  62  5:53  Assimilator  
  62  5:54  Stalker  
  62  5:55  Sentry x2  
  62  5:56  Sentry  
  71  6:00  Probe  
  71  6:01  Probe  
  73  6:05  Void Ray  
  73  6:11  Immortal  
  81  6:12  Probe  
  81  6:16  Probe  
  81  6:18  Pylon  
  83  6:24  Probe  
  84  6:26  Probe  
  85  6:36  Probe  
  86  6:43  Probe  
  81  6:48  Probe  
  81  6:49  Stalker  
  81  6:50  Stalker, Zealot  
  81  6:51  Zealot  
  90  6:55  Pylon  
  90  7:02  Immortal  
  90  7:04  Pylon  
  90  7:06  Void Ray  
  98  7:10  Pylon  
  98  7:28  Stalker  
  98  7:29  Stalker x2, Zealot  
  106  7:34  Pylon  
  104  7:55  Stalker  
  104  7:56  Stalker x3  
  92  8:20  Zealot x4  
  98  8:45  Stalker, Zealot  
  98  8:46  Stalker  
  90  8:59  Stalker  
  94  9:17  Zealot x3  
Show
View Real Time Build Order
Export as new Build Order

SticklerMac Zerg 

Build Orders: Hatch First 

Get SALT Encoding   

  12  0:01  Drone  
  13  0:13  Overlord  
  13  0:18  Drone  
  14  0:31  Drone  
  14  0:32  Drone  
  14  0:35  Drone  
  17  0:55  Hatchery  
  16  0:58  Drone  
  16  1:00  Drone  
  16  1:03  Extractor  
  17  1:16  Spawning Pool  
  16  1:19  Drone  
  16  1:22  Drone  
  18  1:29  Drone  
  19  1:41  Drone  
  20  2:03  Queen  
  20  2:08  Queen  
  22  2:11  Drone  
  22  2:12  Metabolic Boost  
  22  2:15  Drone x3  
  28  2:21  Overlord  
  28  2:28  Overlord  
  28  2:41  Lair  
  28  2:44  Extractor  
  28  2:45  Drone x2  
  28  2:50  Zergling x4  
  32  2:51  Zergling x2  
  32  2:58  Drone  
  33  3:01  Drone  
  34  3:17  Drone x5  
  34  3:18  Drone  
  40  3:22  Overlord x2  
  40  3:35  Extractor  
  39  3:43  Zergling x2  
  39  3:45  Zergling x4  
  42  3:53  Drone x2  
  42  3:54  Drone x2  
  45  3:57  Spore Crawler  
  45  3:59  Spore Crawler  
  45  4:02  Drone x3  
  46  4:03  Drone  
  46  4:06  Spore Crawler x2  
  45  4:12  Queen  
  45  4:14  Queen  
  49  4:23  Drone, Extractor  
  49  4:24  Drone  
  50  4:26  Drone  
  50  4:28  Overlord  
  50  4:30  Overlord  
  51  4:42  Spore Crawler  
  47  5:02  Queen  
  47  5:04  Drone x2  
  47  5:05  Drone  
  52  5:27  Spire  
  51  5:30  Drone  
  51  5:32  Drone  
  51  5:33  Hatchery, Drone x9  
  61  5:38  Queen  
  61  5:40  Queen  
  65  6:04  Drone x2  
  67  6:15  Overlord x2  
  67  6:29  Overlord  
  67  6:30  Overlord x4  
  65  6:52  Mutalisk x11  
  65  6:53  Mutalisk  
  89  7:00  Queen  
  91  7:03  Spore Crawler  
  91  7:04  Spore Crawler  
  91  7:05  Drone  
  91  7:06  Drone  
  91  7:07  Drone  
  92  7:10  Drone  
  92  7:11  Drone  
  92  7:12  Drone  
  92  7:15  Drone x2  
  97  7:28  Mutalisk  
  97  7:29  Mutalisk x4  
  105  7:35  Queen  
  107  7:51  Overlord x5  
  99  7:57  Mutalisk  
  99  7:58  Mutalisk x4, Zergling x2  
  74  8:11  Mutalisk  
  63  8:14  Zergling x14  
  63  8:15  Zergling x8  
  67  8:21  Overseer  
  57  8:28  Zergling x12  
  57  8:29  Zergling x2  
  56  8:41  Zergling x4  
  56  8:42  Zergling x2  
  44  8:51  Zergling x4  
  44  8:52  Zergling x8  
  44  9:01  Zergling x2  
Tags
 
Add a new tag
Caveats
  • Supply blocks, unpowered buildings, or Contaminate may cause inaccurate times.
  • Supply counts are checked every 10 seconds.